 Dungeon Crawl Stone Soup version 0.31-a0-174-g85c54bcb58 (webtiles) character file.

Game seed: 7926818766403562184

394 qw the Shooter (level 6, -3/57 HPs)
             Began as a Naga Hunter on June 15, 2023.
             Slain by an orc
             ... wielding a +0 flail
              (9 damage)
             ... on level 4 of the Dungeon.
             The game lasted 00:00:52 (2495 turns).

qw the Shooter (Naga Hunter)                        Turns: 2495, Time: 00:00:53

Health: -3/57      AC:  3    Str: 13    XL:     6   Next: 82%
Magic:  6/6        EV:  9    Int: 10    God:
Gold:   123        SH:  0    Dex: 16    Spells: 5/5 levels left

rFire   . . .        Y - +0 shortbow
rCold   . . .        (shield currently unavailable)
rNeg    . . .        c - +0 leather armour
rPois   +            (no helmet)
rElec   .            (no cloak)
rCorr   .            (no gloves)
SInv    +            (no barding)
Will    +....        (no amulet)
Stlth   ++           i - ring of willpower
HPRegen 0.29/turn    (no ring)
MPRegen 0.10/turn

%: no passive effects
@: about to teleport, short of breath, very slow
A: AC +2, large, see invisible, deformed body, poison resistance, slowness 2,
spit poison 1, naga tail 1
a: Spit Poison


You were on level 4 of the Dungeon.
You visited 1 branch of the dungeon, and saw 4 of its levels.

You collected 123 gold pieces.


Innate Abilities, Weirdness & Mutations

Your serpentine skin is tough. (AC +2)
You have supernaturally acute eyesight. (SInv)
Armour fits poorly on your strangely shaped body.
Your system is resistant to poisons. (rPois)
You cover ground very slowly.
You can spit poison.
You have a snake-like lower body.


   Skills:
 - Level 4.1 Fighting
 + Level 6.4 Ranged Weapons
 - Level 1.5 Dodging
 - Level 1.5 Stealth


You had 5 spell levels left.
You didn't know any spells.
Your spell library was empty.

Inventory:

Hand Weapons
 Y - a +0 shortbow (weapon)
Armour
 c - a +0 leather armour (worn)
Jewellery
 i - a ring of willpower (left hand)
Scrolls
 f - 2 scrolls of teleportation
Potions
 a - 2 potions of curing
 b - a potion of mutation {unknown}
 d - a potion of cancellation
 e - a potion of haste {unknown}
 g - a potion of lignification {unknown}
 h - a potion of magic {unknown}

Dungeon Overview and Level Annotations

Branches:
Dungeon (4/15)
 Temple: D:4-7

Altars:

Annotations:
D:3 2 runed translucent doors, qw's ghost, amateur NaHu
D:4 Edmund


Message History

The orc wizard is almost dead.
The adder bites you but does no damage.
The orc wizard hits you but does no damage.
The orc completely misses you. The adder bites you.
You shoot an arrow. The arrow hits the orc wizard.
You kill the orc wizard!
The adder barely misses you.
Edmund says, "I might not be good at magic, but I can still kill you!"
The orc closely misses you. The orc hits you with a +0 flail!
You shoot an arrow. The arrow barely misses the adder.
You have got your breath back.
The adder barely misses you. The orc hits you with a +0 flail.
The orc hits you but does no damage. The adder bites you.
2490 ||| INVOKING Spit Poison.
Aiming: Spit Poison (1% risk of failure)
Press: ? - help, Shift-Dir - straight line, f/p - adder The splash of poison misses the adder.
The orc hits you but does no damage. x2; The adder bites you but does no damage.
You shoot an arrow. The arrow closely misses the adder.
The adder barely misses you. The orc hits you with a +0 flail!
2492 ||| READING 3 scrolls of teleportation.
As you read the scroll of teleportation, it crumbles to dust.
You feel strangely unstable. The adder bites you but does no damage.
The orc barely misses you. The orc hits you with a +0 hand axe.
The adder bites you but does no damage.
You shoot an arrow. The arrow hits the adder!
The adder is severely wounded.
You have got your breath back.
The orc barely misses you. x3; The adder closely misses you.
2494 ||| INVOKING Spit Poison.
Aiming: Spit Poison (1% risk of failure)
Press: ? - help, Shift-Dir - straight line, f/p - adder The splash of poison hits the adder!
The adder is poisoned.
You kill the adder!
The orc hits you with a +0 flail. The orc completely misses you.
The orc barely misses you.
You shoot an arrow. The arrow barely misses the orc.
The arrow barely misses Edmund.
The orc hits you with a +0 flail!
You die...

.......#
......# .....#
....# .# #...#
...##...# #
.....>.o#####..
###
#...@o@.....
...
......#o###....
... .###. #.# .
### # #.# ..
#.# . #.# #.#
#.# #.#########
.


You could see Edmund and 3 orcs.

Vanquished Creatures
  Sigmund (D:2)
  An orc priest (D:3)
  A sleepcap (D:4)
  An iguana (D:4)
  An orc wizard (D:4)
  5 adders
  A gnoll (D:1)
  A shadow imp (D:3)
  A dart slug (D:3)
  5 orcs
  7 ball pythons
  5 bats
  5 endoplasms
  3 giant cockroaches (D:2)
  2 goblins
  5 hobgoblins
  5 jackals
  5 kobolds
  A quokka (D:1)
  3 frilled lizards
  4 rats
63 creatures vanquished.

Notes
Turn   | Place    | Note
-------+----------+-------------------------------------------
     0 | D:1      | qw the Naga Hunter began the quest for the Orb.
     0 | D:1      | Reached XP level 1. HP: 19/19 MP: 1/1
     0 | D:1      | 0 ||| qw: Version: 0.2-a-29-g511e9b1
     0 | D:1      | 0 ||| qw: Game counter: 5354
     0 | D:1      | 0 ||| qw: Always use a shield: true
     0 | D:1      | 0 ||| qw: God list: Okawaru
     0 | D:1      | 0 ||| qw: Allow faded altars: false
     0 | D:1      | 0 ||| qw: Do Orc after D:15 true
     0 | D:1      | 0 ||| qw: Do second Lair branch before Depths: true
     0 | D:1      | 0 ||| qw: Lair rune preference: random
     0 | D:1      | 0 ||| qw: Plans: Normal
     0 | D:1      | 0 ||| PLANNING D:1-11
   230 | D:1      | 230 ||| INVOKING Spit Poison.
   270 | D:1      | 270 ||| INVOKING Spit Poison.
   275 | D:1      | 275 ||| INVOKING Spit Poison.
   278 | D:1      | 278 ||| INVOKING Spit Poison.
   309 | D:1      | 309 ||| INVOKING Spit Poison.
   311 | D:1      | Reached skill level 4 in Ranged Weapons
   311 | D:1      | Reached XP level 2. HP: 26/26 MP: 2/2
   438 | D:1      | 438 ||| INVOKING Spit Poison.
   443 | D:1      | 443 ||| INVOKING Spit Poison.
   493 | D:1      | 493 ||| INVOKING Spit Poison.
   563 | D:1      | 563 ||| INVOKING Spit Poison.
   619 | D:1      | 619 ||| INVOKING Spit Poison.
   655 | D:1      | 655 ||| INVOKING Spit Poison.
   659 | D:1      | Found a faded altar of an unknown god.
   710 | D:1      | 710 ||| INVOKING Spit Poison.
   775 | D:1      | 775 ||| INVOKING Spit Poison.
   779 | D:1      | Reached XP level 3. HP: 28/32 MP: 3/3
   808 | D:1      | 808 ||| INVOKING Spit Poison.
   852 | D:1      | 852 ||| READING scroll labelled WADUWN NANKESCH.
   853 | D:1      | 853 ||| READING 2 scrolls labelled VINEPPOATO.
   854 | D:1      | 854 ||| DRINKING 2 fizzy purple potions.
   855 | D:1      | 855 ||| DROPPING scroll of butterflies.
   856 | D:1      | 856 ||| DROPPING scroll of fog.
   898 | D:2      | 898 ||| INVOKING Spit Poison.
   911 | D:2      | Noticed Sigmund
   913 | D:2      | 913 ||| INVOKING Spit Poison.
   918 | D:2      | Killed Sigmund
   919 | D:2      | Reached skill level 6 in Ranged Weapons
   919 | D:2      | Reached XP level 4. HP: 22/39 MP: 4/4
   919 | D:2      | Reached XP level 5. HP: 25/45 MP: 5/5
   932 | D:2      | 932 ||| FLEEEEING.
   933 | D:2      | 933 ||| FLEEEEING.
   934 | D:2      | 934 ||| FLEEEEING.
   935 | D:2      | 935 ||| FLEEEEING.
   936 | D:2      | 936 ||| STAIRDANCE
   990 | D:2      | 990 ||| INVOKING Spit Poison.
   991 | D:2      | 991 ||| STAIRDANCE
   994 | D:1      | 994 ||| INVOKING Spit Poison.
  1014 | D:2      | 1014 ||| INVOKING Spit Poison.
  1032 | D:2      | 1032 ||| INVOKING Spit Poison.
  1040 | D:2      | 1040 ||| INVOKING Spit Poison.
  1081 | D:2      | 1081 ||| INVOKING Spit Poison.
  1158 | D:2      | 1158 ||| INVOKING Spit Poison.
  1168 | D:2      | 1168 ||| INVOKING Spit Poison.
  1190 | D:2      | 1190 ||| INVOKING Spit Poison.
  1260 | D:2      | 1260 ||| INVOKING Spit Poison.
  1266 | D:2      | 1266 ||| INVOKING Spit Poison.
  1302 | D:2      | 1302 ||| INVOKING Spit Poison.
  1303 | D:2      | Reached XP level 6. HP: 55/55 MP: 6/6
  1364 | D:2      | 1364 ||| INVOKING Spit Poison.
  1581 | D:2      | 1581 ||| INVOKING Spit Poison.
  1640 | D:2      | 1640 ||| READING scroll labelled ZAUM UCIAJAWIT.
  1641 | D:2      | 1641 ||| DRINKING 2 metallic ruby potions.
  1662 | D:3      | 1662 ||| INVOKING Spit Poison.
  1696 | D:3      | 1696 ||| INVOKING Spit Poison.
  1709 | D:3      | 1709 ||| INVOKING Spit Poison.
  1713 | D:3      | 1713 ||| INVOKING Spit Poison.
  1716 | D:3      | 1716 ||| INVOKING Spit Poison.
  1719 | D:3      | 1719 ||| INVOKING Spit Poison.
  1738 | D:3      | Found a large runed translucent door.
  1738 | D:3      | Found a large runed translucent door.
  1744 | D:3      | Noticed qw's ghost (amateur NaHu)
  1783 | D:3      | 1783 ||| INVOKING Spit Poison.
  1786 | D:3      | 1786 ||| INVOKING Spit Poison.
  1791 | D:3      | Reached skill level 3 in Fighting
  1792 | D:3      | 1792 ||| INVOKING Spit Poison.
  1818 | D:3      | Identified the +2 flail of Frustration {antimagic, rCorr}
  1882 | D:3      | 1882 ||| INVOKING Spit Poison.
  1915 | D:3      | 1915 ||| INVOKING Spit Poison.
  2095 | D:3      | 2095 ||| UPGRADING to ring of willpower.
  2096 | D:3      | 2096 ||| READING scroll labelled VEYREU KOKHEK.
  2153 | D:4      | 2153 ||| INVOKING Spit Poison.
  2233 | D:4      | 2233 ||| INVOKING Spit Poison.
  2381 | D:4      | 2381 ||| INVOKING Spit Poison.
  2387 | D:4      | 2387 ||| INVOKING Spit Poison.
  2392 | D:4      | 2392 ||| INVOKING Spit Poison.
  2453 | D:4      | 2453 ||| INVOKING Spit Poison.
  2479 | D:4      | 2479 ||| INVOKING Spit Poison.
  2483 | D:4      | 2483 ||| INVOKING Spit Poison.
  2483 | D:4      | Noticed Edmund
  2490 | D:4      | 2490 ||| INVOKING Spit Poison.
  2491 | D:4      | HP: 12/57 [orc/+0 flail (7)]
  2492 | D:4      | 2492 ||| READING 3 scrolls of teleportation.
  2494 | D:4      | 2494 ||| INVOKING Spit Poison.
  2495 | D:4      | Slain by an orc

Levels and vault maps discovered:
D:1:      minmay_arrival_widening_spiral_narrow, layout_loops_cross,
          ebering_ecumenical_altar_petrified, corexii_leaking_fountain
D:2:      layout_loops_ring, minivault_23, uniq_sigmund
D:3:      layout_rooms, ebering_ghost_disaster_area
D:4:      layout_basic, uniq_edmund

Skill      XL: |  1  2  3  4  5  6 |
---------------+-------------------+-----
Ranged Weapons | 4 6 |  6.4
Fighting       | 4 |  4.1
Dodging        | |  1.5
Stealth        | |  1.5

Action                     |  1- 3 |  4- 6 || total
---------------------------+-------+-------++-------
   Fire: Shortbow          |    36 |    92 ||   128
Ability: Spit Poison       |    16 |    35 ||    51
    Use: Scroll            |     2 |     3 ||     5
         Potion            |     1 |     1 ||     2
 Armour: Leather armour    |     4 |    23 ||    27
  Dodge: Dodged            |     8 |    34 ||    42

Table legend:
 A = Non-vault XP
 B = Vault XP
 C = Vault XP percentage of total XP
 D = Non-vault monster count
 E = Vault monster count
 F = Vault count percentage of total count
                 A         B        C        D         E       F
            +---------+---------+-------+---------+---------+-------
      Total |     338 |     226 |  40.1 |      62 |       1 |   1.6
            +---------+---------+-------+---------+---------+-------
        D:1 |      41 |       0 |   0.0 |      18 |       0 |   0.0
        D:2 |      55 |     226 |  80.4 |      19 |       1 |   5.0
        D:3 |      84 |       0 |   0.0 |      16 |       0 |   0.0
        D:4 |     158 |       0 |   0.0 |       9 |       0 |   0.0
            +---------+---------+-------+---------+---------+-------
